cohdb
Replays
Latest Replays
All Replays
Popular Replays
Top Player Replays
Match Explorer
How It Works
Community
CoH3 Stats
Reddit
Sign in to upload your games and track your stats! →
Sign in with Steam
Match 42522940
Unlisted
Match 42522940
Overview
Messages
Build Orders
End
Pioneer Squad
Construct Infanterie Kompanie
MG 42 Machine Gun Team
Selects Mechanized Battlegroup
MG 42 Machine Gun Team
Grenadier Squad
Construct Panzergrenadier Kompanie
251 Medium Carrier
Grenadier Squad
Pak 40 Anti-tank Gun Team
Construct Panzer Kompanie
Selects Raid Package
Selects Mobile Repair Stations
Stoßtruppen Squad
Stoßtruppen Squad
Selects Stoßtruppen Assault Package
Panzer IV Medium Tank
Selects 8 Rad Armored Car
Panzer IV Medium Tank
Stoßtruppen Squad
Selects Zeroing Artillery Barrage
Zeroing Artillery Barrage
UH|ck
insane
Гетьман
sachok931
0
0
Comments
sign in to comment!
No comments posted yet!